 Dungeon Crawl Stone Soup version 0.21-a0-529-g8c7b3f5 (webtiles) character file.

91 kiturien the Digger (level 4, -3/27 HPs)
             Began as an Octopode Earth Elementalist on Dec 11, 2017.
             Slain by an orc warrior
             ... wielding a +0 glaive
              (30 damage)
             ... on level 2 of the Dungeon.
             The game lasted 00:07:40 (2022 turns).

kiturien the Digger (Octopode Earth Elementalist)   Turns: 2022, Time: 00:07:40

Health: -3/27      AC:  1    Str:  5 (7)  XL:     4   Next: 59%
Magic:  7/7        EV: 13    Int: 15 (18) God:
Gold:   105        SH:  0    Dex: 12      Spells: 3/7 levels left

rFire    . . .     SeeInvis .   g - +0 dagger
rCold    . . .     Gourm    .   (no shield)
rNeg     . . .     Faith    .   (helmet restricted)
rPois    .         Spirit   .   (no amulet)
rElec    .         Reflect  .   (no ring)
rCorr    .         Harm     .   (no ring)
MR       .....                  (no ring)
Stlth    +++.......             (no ring)
HPRegen  0.09/turn              (no ring)
MPRegen  0.10/turn              (no ring)
                                (no ring)
                                (no ring)

@: no status effects
A: almost no armour, stealthy swim, amphibious, 8 rings, constrict 8, camouflage
1, gelatinous body 1
a: no special abilities


You were on level 2 of the Dungeon.
You were not hungry.

You visited 1 branch of the dungeon, and saw 2 of its levels.

You collected 105 gold pieces.

Inventory:

Hand Weapons
 g - a +0 dagger (weapon)
Missiles
 b - 43 stones (quivered)
 e - 46 sling bullets
Scrolls
 i - a scroll of identify
 l - a scroll of magic mapping {unknown}
Potions
 f - 2 potions of might
 h - a potion of lignification {unknown}
 j - a potion of heal wounds {unknown}
Books
 d - a book of Geomancy

   Spells                             Type                      Level
   a - Sandblast                      Earth                        1
   b - Passwall                       Transmutation/Earth          2
   c - Stone Arrow                    Conjuration/Earth            3
   d - Petrify                        Transmutation/Earth          4
   e - Lee's Rapid Deconstruction     Earth                        5
Comestibles
 c - 3 bread rations


   Skills:
 - Level 2.0 Dodging
 - Level 2.7 Stealth
 - Level 2.0 Spellcasting
   Level 1.0 Transmutations
 + Level 5.1 Earth Magic


You had 3 spell levels left.
You knew the following spells:

 Your Spells              Type           Power        Failure   Level  Hunger
a - Sandblast             Erth           ###...       2%          1    #......
b - Stone Arrow           Conj/Erth      #.....       22%         3    ###....


Dungeon Overview and Level Annotations

Branches:
Dungeon (2/15)

Altars:
The Shining One


Innate Abilities, Weirdness & Mutations

You cannot wear most types of armour.
You are very stealthy in the water. (Stealth+)
You are amphibious.
You can wear up to eight rings at the same time.
You can use your tentacles to constrict eight enemies at once.
Your skin changes colour to match your surroundings (Stealth+).
Your rubbery body absorbs attacks. (AC +1, EV +1)


Message History

You kill the hobgoblin!
b - 43 stones You are feeling hungry.
There is a stone staircase leading up here.
The orc warrior closely misses you.
You climb upwards.
Found 7 tomahawks of dispersal and 13 arrows.
There is a stone staircase leading down here.
You start resting.
Eating one of 3 chunks of flesh.
You eat one of the 3 chunks of flesh.
This raw flesh tastes terrible.
Magic restored.
You start resting.
Some of the chunks of flesh in your inventory have rotted away.
All of the chunks of flesh in your inventory have rotted away.
HP restored.
There is a stone staircase leading down here.
You climb downwards.
The orc warrior hits you with a glaive!!
Ouch! That really hurt!
You die...

.####.# #.###..##.## #.##.#
.####.# #.)...)...#########.....
...##.# ######.#####........##..
.#.##.# #...# #.#####....##
......# #...# #.#####......
...÷..### #...# #>##.........
........######...####.##.##.##.##
......#.##........)............##
................@........#..##...
#.....#.##.......o...#####'######
........######...##### #♣...♣##..
##.#.#### #...# #.....####
......# #...# #♣...♣# #####.#
#...# #.....# #####.# ##.##
###_###### ...##.# #.# ######.>
##.##.# #.# ### #....


You could see an orc warrior.

Vanquished Creatures
  3 adders (D:2)
  A worm (D:2)
  2 dart slugs
  A leopard gecko (D:1)
  3 giant cockroaches
  6 goblins
  3 hobgoblins
  5 jackals (D:2)
  5 kobolds
  A quokka (D:2)
  3 ball pythons
  10 bats
  2 frilled lizards (D:1)
  6 rats
51 creatures vanquished.

Notes
Turn   | Place    | Note
-------+----------+-------------------------------------------
     0 | D:1      | kiturien the Octopode Earth Elementalist began the quest for the Orb.
     0 | D:1      | Reached XP level 1. HP: 11/11 MP: 3/3
   143 | D:1      | Reached XP level 2. HP: 17/17 MP: 5/5
   667 | D:1      | Reached skill level 4 in Earth Magic
   674 | D:1      | Reached XP level 3. HP: 21/21 MP: 4/6
   704 | D:1      | Learned a level 3 spell: Stone Arrow
  1039 | D:2      | Found a glowing golden altar of the Shining One.
  1383 | D:2      | Reached XP level 4. HP: 26/27 MP: 3/7
  1389 | D:2      | Reached skill level 5 in Earth Magic
  1777 | D:2      | Noticed an orc warrior
  2022 | D:2      | Slain by an orc warrior

Vault maps used:
D:1:      dpeg_arrival_connections, kennysheep_pointless_box
D:2:      tso_altar, marbit_many_paths, minmay_three_crescents

Skill      XL: |  1  2  3  4 |
---------------+-------------+-----
Earth Magic    | 4 5 |  5.1
Dodging        | |  2.0
Stealth        | |  2.7
Spellcasting   | |  2.0
Transmutations | |  1.0

Action                   |  1- 3 |  4- 6 || total
-------------------------+-------+-------++-------
Melee: Unarmed           |     2 |       ||     2
       Constrict         |    12 |     8 ||    20
       Dagger            |    51 |    29 ||    80
       Tentacles         |     5 |     8 ||    13
 Cast: Sandblast         |    26 |    10 ||    36
       Stone Arrow       |       |     1 ||     1
  Use: Scroll            |     2 |     1 ||     3
       Potion            |     1 |       ||     1
 Stab: Sleeping          |     4 |     4 ||     8
       Distracted        |     1 |       ||     1
  Eat: Chunk             |     2 |     2 ||     4
Armor: Skin              |     6 |    12 ||    18
Dodge: Dodged            |    63 |    24 ||    87

Table legend:
 A = Spawn XP
 B = Non-spawn XP
 C = Spawn XP percentage of total XP
 D = Spawn monster count
 E = Non-spawn monster count
 F = Spawn count percentage of total count
 G = Total turns spent on level
                    A         B        C        D         E        F      G
               +---------+---------+-------+---------+---------+-------+---------
         Total |       0 |     131 |   0.0 |       0 |      51 |   0.0 |  2022
               +---------+---------+-------+---------+---------+-------+---------
           D:1 |       0 |      34 |   0.0 |       0 |      19 |   0.0 |   965
           D:2 |       0 |      97 |   0.0 |       0 |      32 |   0.0 |  1057
               +---------+---------+-------+---------+---------+-------+---------
